AoeStats
← v.borneci

Arabian Desert

510070717Analyzed
1v1 RM · 4d ago on Sep 29, 2026· 64m 51s· 2 players
Game mode
Random Map
Map size
Tiny (2 player)
Population
200
Speed
Normal
Resources
Standard
Victory
Conquest
Starting age
Dark Age
Ending age
Imperial Age
RankedLock teamsTeams togetherTeam positionsShared explorationLock speedFull tech treeHidden civsTurbo modeCheats
Victory
Defeat
🇷🇴 Khmer · Romania
643
+15
🇩🇪 Danes · Germany
622
-15
Strietzel1895
0:32 Loom
12:45 Feudal Age
14:09 Wheelbarrow
13:23 Double-Bit Axe
13:21 Horse Collar
15:16 Town Watch
25:34 Castle Age
23:43 Fletching
24:21 Scale Mail Armor
25:06 Forging
25:02 Man-at-Arms
26:16 Gambesons
25:55 Elite Skirmisher
27:54 Long Swordsman
28:45 Pikeman
30:35 Fervor
30:33 Padded Archer Armor
32:25 Stone Mining
32:54 Squires
33:46 Leather Archer Armor
34:27 Bodkin Arrow
36:14 Gold Mining
37:43 Hamask
42:39 Imperial Age
40:45 Hand Cart
42:11 Chain Mail Armor
43:49 Iron Casting
43:41 Conscription
43:59 Hoardings
44:20 Town Patrol
45:04 Halberdier
45:47 Bracer
47:12 Onager
48:57 Ring Archer Armor
49:44 Thumb Ring
50:43 Blast Furnace
49:08 Two-Handed Swordsman
52:47 Plate Mail Armor
52:19 Arson
53:48 Siege Onager
55:00 Bow Saw
54:54 Heavy Plow
60:24 Northmen's Fury
v.borneci
10:05 Feudal Age
10:39 Double-Bit Axe
10:50 Gold Mining
16:27 Horse Collar
22:32 Scale Barding Armor
22:29 Padded Archer Armor
25:19 Castle Age
23:40 Fletching
24:58 Bloodlines
25:50 Stone Mining
25:36 Light Cavalry
26:42 Bow Saw
28:27 Crossbowman
29:37 Heavy Plow
30:15 Gold Shaft Mining
35:33 Wheelbarrow
35:20 Leather Archer Armor
35:01 Bodkin Arrow
36:36 Stone Shaft Mining
38:30 Chain Barding Armor
41:49 Imperial Age
39:53 Ballistics
40:11 Tusk Swords
40:45 Husbandry
42:20 Elite Ballista Elephant
43:28 Double Crossbow
43:43 Town Watch
44:26 Hand Cart
44:27 Arbalester
47:43 Chemistry
46:11 Elite Battle Elephant
46:18 Pikeman
55:14 Illumination
55:26 Theocracy
61:38 Parthian Tactics
60:34 Heavy Cavalry Archer
63:04 Bracer
63:35 Ring Archer Armor
Connection lost

Rejoining the realm…

Still unreachable

The connection could not be restored.

Session expired

The server has moved on; the page needs a fresh start.